 Dungeon Crawl Stone Soup version 0.18-a0-1542-g9c1a92e (webtiles) character file.

112236 4thArraOfDagon the Black Belt (level 16, -6/154 HPs)
             Began as a Grey Draconian Wizard on Mar 10, 2016.
             Was the Champion of Cheibriados.
             Mangled by a snapping turtle (11 damage)
             ... on level 4 of the Shoals.
             The game lasted 01:34:18 (15321 turns).

4thArraOfDagon the Black Belt (DrWz)               Turns: 15321, Time: 01:34:18

Health: -6/154     AC: 20    Str: 21    XL:     16   Next: 11%
Magic:  38/38      EV: 25    Int: 38    God:    Cheibriados [******]
Gold:   993        SH:  0    Dex: 26    Spells: 7 memorised, 9 levels left

rFire  . . .     SeeInvis .       - Unarmed
rCold  + + .     Gourm    +     (armour unavailable)
rNeg   + + .     Faith    .     (no shield)
rPois  .         Spirit   .     v - +2 hat
rElec  .         Dismiss  .     a - +0 cloak
rCorr  .         Reflect  .     (no gloves)
SustAt .         Harm     .     L - +2 pair of boots
MR     ++...     Rnd*Rage +     b - amulet of the gourmand
Stlth  +++....... Rnd*Tele +    U - ring "Poghom" {rN++ MP+9 Str-3 Dex+2 Slay+4}
                                q - ring of protection from magic

@: very slow, very resistant to hostile enchantments, fairly stealthy
A: walk through water, unfitting armour, horns 1, berserk 1, clumsy 1, cold
resistance 2, robust 1, teleportitis 1, weak 1, unbreathing, cold-blooded,
subdued magic 1, AC +14
a: Bend Time, Temporal Distortion, Slouch, Step From Time, Renounce Religion


You were on level 4 of the Shoals.
You worshipped Cheibriados.
Cheibriados was exalted by your worship.
You were very full.

You visited 5 branches of the dungeon, and saw 30 of its levels.
You also visited: Labyrinth and Ice Cave.

You collected 2790 gold pieces.
You spent 1797 gold pieces at shops.

Inventory:

Hand Weapons
 z - a +0 blowgun
Missiles
 g - 5 curare-tipped needles
 t - 3 throwing nets (quivered)
Armour
 a - a +0 cloak (worn)
 v - a +2 hat (worn)
 L - a +2 pair of boots (worn)
 X - a +1 large shield of positive energy
Magical Staves
 m - an uncursed staff of wizardry {!a}
Jewellery
 b - an amulet of the gourmand (around neck)
 q - a ring of protection from magic (left hand)
 x - an uncursed ring of resist corrosion
 H - an uncursed ring of see invisible
 U - the ring "Poghom" (right hand) {rN++ MP+9 Str-3 Dex+2 Slay+4}
   (You bought it in a shop on level 2 of the Orcish Mines)

   [ring of dexterity]

   It affects your strength (-3).
   It affects your dexterity (+2).
   It affects your accuracy and damage with ranged weapons and melee attacks
   (+4).
   It greatly protects you from negative energy.
   It affects your magic capacity (+9).
 V - the ring "Piaczas" {Ice Int+8 Dex-5 SInv}
   (You found it on level 2 of the Lair of Beasts)

   [ring of ice]

   It enhances your ice magic, and weakens your fire magic.
   It affects your intelligence (+8).
   It affects your dexterity (-5).
   It makes you vulnerable to fire.
   It protects you from cold.
   It lets you see invisible.
 Y - an uncursed ring of fire
Wands
 e - a wand of polymorph (14/24)
 o - a wand of disintegration (9/24)
 y - a wand of enslavement (3/24)
 E - a wand of iceblast (1/15)
 O - a wand of flame (32/48)
 R - a wand of lightning (10/15)
 S - a wand of teleportation (4/9)
Scrolls
 d - 6 scrolls of teleportation
 n - 3 scrolls of blinking
 s - 9 scrolls of remove curse
 u - a scroll of magic mapping
 w - 3 scrolls of enchant armour
 I - 4 scrolls of amnesia
 K - a scroll of recharging
 M - 2 scrolls of fog
 N - 4 scrolls of immolation
 W - a scroll of fear
Potions
 f - a potion of brilliance {unknown}
 i - 3 potions of resistance
 j - 3 potions of heal wounds
 k - 4 potions of might
 l - a potion of invisibility
 p - 2 potions of curing
 A - a potion of cancellation
 C - 2 potions of degeneration {unknown}
 D - 3 potions of lignification {unknown}
 F - 5 potions of cure mutation {unknown}
 G - a potion of magic
 J - a potion of berserk rage {unknown}
 P - a potion of agility
Miscellaneous
 T - a disc of storms
 Z - a plain deck of wonders {drawn: 1}
Comestibles
 c - 11 bread rations
 h - 9 meat rations
 r - a royal jelly
 B - 5 slices of pizza
 Q - 7 fruits


   Skills:
 + Level 12.3 Fighting
 + Level 11.1 Dodging
 - Level 1.7 Stealth
 * Level 16.6 Unarmed Combat
 - Level 9.1 Spellcasting
 - Level 3.0 Conjurations
 - Level 3.9 Summonings
 - Level 1.0 Translocations
 - Level 11.1 Transmutations
 - Level 1.6 Air Magic
 - Level 1.5 Poison Magic
 - Level 10.1 Invocations


You had 9 spell levels left.
You knew the following spells:

 Your Spells              Type           Power        Failure   Level  Hunger
a - Passwall              Trmt/Erth      #####.....   1%          2    None
b - Mephitic Cloud        Conj/Pois/Air  ###.....     1%          3    None
c - Repel Missiles        Chrm/Air       ###...       1%          2    None
d - Blink                 Tloc           N/A          1%          2    None
e - Summon Lightning Spi  Summ/Air       ####....     4%          4    None
f - Dragon Form           Trmt           ######....   13%         7    ######.
g - Passage of Golubria   Tloc           N/A          9%          4    None


Dungeon Overview and Level Annotations

Branches:
Dungeon (15/15)            Temple (0/1) D:5            Lair (8/8) D:10
 Shoals (4/4) Lair:6          Orc (2/2) D:10            Elf (1/3) Orc:2
  Snake: Lair:3-6    Spider: Lair:3-6     Slime: Lair:6-8    Vaults: D:13-14
 Depths: D:15

Altars:
Cheibriados
Gozag
Kikubaaqudgha
Pakellas
Qazlal
Trog
The Shining One

Shops:
D:4 *   D:6 :   D:11 }   Orc:2 (%!=

Annotations:
D:4 exclusion: upstairs
D:11 Nergalle
Lair:8 exclusion: oklob plant


Innate Abilities, Weirdness & Mutations

You can walk through water.
Your dull iron-grey scales are very hard (AC +14).
Your body does not fit into most forms of armour.
You can survive without breathing.
You are cold-blooded and may be slowed by cold attacks.
You have a pair of small horns on your head.
You tend to lose your temper in combat.
You are clumsy. (Dex -2)
Your flesh is very cold resistant.
You are robust (+10% HP).
You are occasionally teleported next to monsters.
You are weak. (Str -2)
Your spells are a little easier to cast, but a little less powerful.


Message History

You feel sick.
You feel sick.
You feel sick.
You feel sick.
You feel sick.
You feel sick.
You feel sick.
You feel sick.
You feel sick.
You feel sick.
You feel sick.
You are no longer poisoned.
You hear a distant blaring wail to the southeast.
The snapping turtle bites you! x2
The snapping turtle bites you! The snapping turtle bites you!!
* * * LOW HITPOINT WARNING * * *
The snapping turtle bites you!!
* * * LOW HITPOINT WARNING * * *
The snapping turtle bites you!
You die...

≈≈≈≈≈≈≈≈≈≈≈≈≈≈≈≈≈≈≈≈≈≈≈≈≈≈≈≈≈≈≈≈
≈≈≈≈≈≈≈≈≈≈≈≈≈≈≈≈≈≈≈≈≈≈≈≈≈≈≈≈≈≈≈≈≈
≈≈≈≈≈≈≈≈≈≈≈≈≈≈≈≈≈≈≈≈≈≈≈≈≈≈≈≈≈≈≈≈≈
≈≈≈≈≈≈≈≈≈≈≈≈≈≈≈≈≈≈≈≈≈≈≈≈≈≈≈≈≈≈≈≈≈
.....≈≈≈≈≈≈≈≈≈≈.).....≈≈≈≈≈≈≈≈≈≈≈
........≈≈≈≈.≈≈##≈#≈≈#≈≈≈≈≈≈≈≈≈≈≈
###.....≈≈...≈†#######≈≈≈≈≈≈≈≈≈≈≈
###..........##t≈#≈≈≈###≈≈≈≈≈≈≈≈≈
≈.##≈........##≈@≈≈≈≈≈##≈≈≈≈H≈≈≈≈
...#≈......).≈##≈#≈#≈≈##.≈≈)≈....
#.###........≈##≈≈[≈≈ #≈.≈≈≈(.)..
.≈##≈.......≈###≈#≈#≈≈#...(.)())≈
#.###.......≈# ≈≈≈≈≈≈≈##...##).≈≈
.(.#≈.(.....≈###≈#≈#≈##≈.........
#(.#≈(......≈≈≈#######≈..........
###))).....≈≈≈≈≈## #...........
≈#≈≈......≈≈≈≈≈≈≈≈≈≈≈≈!..........


You could see a snapping turtle.

Vanquished Creatures
  2 frost giants
  A minotaur (Lab)
  Josephine (Lair:6)
  2 merfolk javelineers (Shoals:4)
  2 merfolk impalers (Shoals:4)
  3 centaur warriors
  5 hydras
  4 merfolk aquamancers
  3 ogre magi (Orc:2)
  5 death yaks
  An orc high priest (Orc:2)
  4 unseen horrors
  11 sea snakes
  9 hill giants
  2 deep trolls (Orc:2)
  An orc knight (Orc:1)
  Pikel (D:5)
  8 harpies (Shoals:4)
  7 ugly things
  An orc sorcerer (Orc:2)
  A griffon (Shoals:4)
  2 oklob plants
  5 manticores
  6 cyclopes
  An elephant (D:10)
  4 black mambas
  3 water nymphs (Shoals:4)
  An ice statue (IceCv)
  4 sirens
  Joseph (D:7)
  3 centaur skeletons
  18 spiny frogs
  2 rime drakes
  10 komodo dragons
  2 wind drakes
  16 polar bears (IceCv)
  11 trolls
  A fire dragon zombie (D:15)
  17 merfolk
  2 snapping turtles (Shoals:4)
  7 two-headed ogres (Orc:2)
  2 giant leeches (Lair:8)
  17 blink frogs
  2 boulder beetles
  A vampire (D:11)
  8 water elementals
  A shadow (Lab)
  A wyvern (D:14)
  71 yaks
  2 basilisks
  A hill giant zombie (D:10)
  A spriggan (D:7)
  6 wraiths
  7 hungry ghosts
  6 hippogriffs
  6 vampire mosquitoes (Lair:8)
  A redback simulacrum (D:15)
  3 wargs
  A naga (Lair:6)
  22 wolves
  15 water moccasins
  22 orc warriors
  7 porcupines
  3 black bears
  A slave (D:5)
  3 ice beasts
  4 sky beasts
  2 phantoms
  35 ogres
  3 centaurs
  19 crocodiles
  The ghost of Jano the Charmwright, an amateur HESk (D:3)
  25 giant frogs
  6 scorpions
  A water moccasin skeleton (D:5)
  2 troll zombies (D:10)
  16 wights
  4 electric eels (Lair:8)
  5 crimson imps
  A wasp zombie (D:5)
  2 centaur zombies
  3 giant frog zombies
  3 jellies
  2 quasits
  28 orc priests
  7 hounds
  A gnoll shaman (Orc:1)
  33 orc wizards
  Ijyb (D:3)
  Jessica (D:2)
  10 iguanas
  Natasha (twice) (D:3 D:2)
  3 worker ants
  29 sheep
  A killer bee zombie (D:7)
  5 ogre zombies (D:10)
  2 hound zombies
  2 hound skeletons (D:7)
  12 gnolls
  42 river rats
  9 adders
  A shadow imp (D:10)
  12 white imps (Lair:8)
  An ooze (D:2)
  An adder skeleton (D:6)
  4 dart slugs
  7 worms
  9 giant geckos
  106 orcs
  5 giant cockroaches
  13 goblins
  7 hobgoblins
  2 jackals (D:3)
  3 quokkas
  A ball python zombie (D:5)
  6 bats
  4 giant newts
  3 goblin skeletons (D:10)
  7 goblin zombies (D:10)
  2 hobgoblin skeletons (D:10)
  3 hobgoblin zombies (D:10)
  A jackal skeleton (D:8)
  A jackal zombie (D:7)
  8 kobolds
  3 orc skeletons (D:10)
  7 orc zombies (D:10)
  2 quokka zombies
  4 rats
  A fungus (Lair:8)
  4 plants
950 creatures vanquished.

Vanquished Creatures (collateral kills)
  4 sheep (Lair:6)
4 creatures vanquished.

Vanquished Creatures (others)
  3 wolves (IceCv)
  5 fungi
  48 plants
56 creatures vanquished.

Grand Total: 1010 creatures vanquished

Notes
Turn   | Place    | Note
--------------------------------------------------------------
     0 | D:1      | 4thArraOfDagon the Draconian Wizard began the quest for the Orb.
     0 | D:1      | Reached XP level 1. HP: 14/14 MP: 4/4
     6 | D:1      | Noticed an electric eel
   217 | D:1      | Reached XP level 2. HP: 14/20 MP: 0/6
   594 | D:2      | Reached XP level 3. HP: 13/26 MP: 1/7
   605 | D:2      | Learned a level 3 spell: Mephitic Cloud
   608 | D:2      | Learned a level 2 spell: Repel Missiles
   611 | D:2      | Learned a level 2 spell: Blink
   712 | D:3      | Noticed an ice beast
   925 | D:2      | Reached skill level 1 in Air Magic
  1193 | D:2      | Noticed Jessica
  1214 | D:2      | Killed Jessica
  1214 | D:2      | Reached skill level 1 in Poison Magic
  1214 | D:2      | Reached XP level 4. HP: 25/33 MP: 4/8
  1414 | D:3      | Noticed Ijyb
  1414 | D:3      | Noticed Jano's ghost (amateur HESk)
  1708 | D:2      | Reached skill level 1 in Unarmed Combat
  1938 | D:3      | Killed Ijyb
  1938 | D:3      | Reached skill level 2 in Unarmed Combat
  1938 | D:3      | Reached XP level 5. HP: 38/38 MP: 9/9
  1964 | D:4      | Found Pecoshuna's General Store.
  2152 | D:5      | Entered Level 5 of the Dungeon
  2236 | D:4      | Reached skill level 3 in Unarmed Combat
  2466 | D:4      | Reached skill level 4 in Unarmed Combat
  2466 | D:4      | Reached XP level 6. HP: 31/45 MP: 5/10
  2497 | D:3      | Noticed Natasha
  2519 | D:3      | Killed Natasha
  2749 | D:3      | Noticed Natasha
  2856 | D:2      | Killed Natasha
  2864 | D:2      | Reached skill level 5 in Dodging
  2864 | D:2      | Reached skill level 10 in Unarmed Combat
  2864 | D:2      | Your scales start taking on a dull iron-grey colour.
  2864 | D:2      | namelastname112: well that was lucky
  2864 | D:2      | Reduced skill Air Magic to level 1
  2864 | D:2      | Reached XP level 7. HP: 36/64 MP: 4/11
  2864 | D:2      | Gained mutation: You can survive without breathing. [Grey Draconian growth]
  2865 | D:2      | Reached skill level 11 in Unarmed Combat
  2865 | D:2      | Reached XP level 8. HP: 40/75 MP: 4/12
  2872 | D:2      | 4thArraOfDagon: yea...
  2964 | D:2      | Learned a level 4 spell: Summon Lightning Spire
  3130 | D:3      | Killed Jano's ghost
  3415 | D:6      | Reached XP level 9. HP: 76/82 MP: 9/13
  3433 | D:6      | Found Viaguik's Book Shoppe.
  3499 | D:6      | Reached skill level 12 in Unarmed Combat
  3515 | D:6      | Gained mutation: Your flesh is cold resistant. [mutagenic meat]
  3516 | D:6      | Gained mutation: You are weak. (Str -2) [mutagenic meat]
  3517 | D:6      | Gained mutation: You are very weak. (Str -4) [mutagenic meat]
  3518 | D:6      | Gained mutation: You are occasionally teleported next to monsters. [mutagenic meat]
  3519 | D:6      | Gained mutation: You have a pair of small horns on your head. [mutagenic meat]
  3520 | D:6      | Gained mutation: You are robust (+10% HP). [mutagenic meat]
  3746 | D:7      | Noticed a hill giant
  3778 | D:7      | Found an opulent altar of Gozag.
  3880 | D:7      | timbw: hi
  3977 | D:7      | 4thArraOfDagon: hi
  4264 | D:8      | Found an opulent altar of Gozag.
  4267 | D:8      | Found a snail-covered altar of Cheibriados.
  4270 | D:8      | Found an ancient bone altar of Kikubaaqudgha.
  4282 | D:8      | Became a worshipper of Cheibriados the Contemplative
  4351 | D:8      | Gained mutation: Your spells are a little easier to cast, but a little less powerful. [mutagenic meat]
  4352 | D:8      | Gained mutation: You are clumsy. (Dex -2) [mutagenic meat]
  4353 | D:8      | Gained mutation: Your flesh is very cold resistant. [mutagenic meat]
  4354 | D:8      | Lost mutation: You are very weak. (Str -4) [mutagenic meat]
  4356 | D:8      | Gained mutation: You tend to lose your temper in combat. [mutagenic meat]
  4795 | D:7      | Found an oddly glowing altar of Pakellas.
  4831 | D:7      | Reached * piety under Cheibriados
  4889 | D:7      | Killed a hill giant
  4889 | D:7      | Reached XP level 10. HP: 75/97 MP: 6/16
  5048 | D:5      | Found a stormy altar of Qazlal.
  5049 | D:5      | Found a bloodstained altar of Trog.
  5071 | D:5      | Found a staircase to the Ecumenical Temple.
  5108 | D:5      | Noticed Pikel
  5129 | D:5      | Killed Pikel
  5160 | D:5      | Reached ** piety under Cheibriados
  5680 | D:7      | Found a glowing golden altar of the Shining One.
  5713 | D:7      | jacquesderrida: AYYYYYYYYYY..............
  5720 | D:7      | Noticed Joseph
  5730 | D:7      | namelastname112: btw, are chei speed penalty counts in the end?
  5733 | D:7      | Killed Joseph
  5733 | D:7      | Reached skill level 5 in Invocations
  5736 | D:7      | jacquesderrida: Or so the tale goes
  5742 | D:7      | namelastname112: for score purposes
  5770 | D:7      | jacquesderrida: NO
  5770 | D:7      | namelastname112: good then
  6169 | D:9      | Reached *** piety under Cheibriados
  6325 | D:10     | Entered Level 10 of the Dungeon
  6370 | D:10     | Found a staircase to the Lair.
  6371 | D:10     | Noticed an elephant
  6399 | D:10     | Killed an elephant
  6483 | D:10     | Found a staircase to the Orcish Mines.
  6517 | D:10     | Reached **** piety under Cheibriados
  6544 | D:10     | Reached XP level 11. HP: 69/104 MP: 17/17
  6597 | D:10     | Reached ***** piety under Cheibriados
  6635 | D:10     | Noticed a hill giant
  6647 | D:10     | Killed a hill giant
  6747 | D:10     | Killed an unseen horror
  6809 | D:11     | Noticed a green ugly thing
  6831 | D:11     | Killed a green ugly thing
  6908 | D:11     | Noticed a hill giant
  6919 | D:11     | Killed a hill giant
  6919 | D:11     | Reached skill level 10 in Invocations
  7094 | D:11     | Learned a level 2 spell: Passwall
  7152 | D:11     | Found Xizijiapn's Gadget Emporium.
  7200 | D:11     | Noticed a hill giant
  7210 | D:11     | Killed an unseen horror
  7210 | D:11     | Reached skill level 5 in Spellcasting
  7210 | D:11     | Reached skill level 1 in Transmutations
  7231 | D:11     | Killed a hill giant
  7246 | D:11     | Noticed Nergalle
  7758 | D:12     | Noticed a cyan ugly thing
  7776 | D:12     | Killed a cyan ugly thing
  7980 | D:13     | Noticed a hill giant
  7992 | D:13     | Killed a hill giant
  8016 | D:13     | Noticed a six-headed hydra
  8061 | D:14     | Noticed a centaur warrior
  8074 | D:14     | Killed a centaur warrior
  8159 | D:15     | Entered Level 15 of the Dungeon
  8168 | D:15     | Reached skill level 5 in Transmutations
  8188 | D:15     | Reached XP level 12. HP: 65/113 MP: 21/21
  8290 | D:15     | Noticed a centaur warrior
  8305 | D:15     | Killed a centaur warrior
  8324 | D:15     | Noticed a six-headed hydra
  8426 | D:14     | Noticed a vault guard
  8564 | D:15     | jacquesderrida: NOPEEEEEEEEEEEEEEEEEEEEE
  8619 | D:14     | NOPE: Jacques Derrida
  8774 | D:14     | Noticed a centaur warrior
  8786 | D:14     | Killed a centaur warrior
  9062 | Orc:1    | Entered Level 1 of the Orcish Mines
  9491 | Orc:2    | Entered Level 2 of the Orcish Mines
  9491 | Orc:2    | Noticed an ogre mage
  9503 | Orc:2    | Killed an ogre mage
  9503 | Orc:2    | Reached XP level 13. HP: 98/118 MP: 13/25
  9810 | Orc:2    | Found a staircase to the Elven Halls.
  9860 | Orc:2    | Reached skill level 10 in Transmutations
  9894 | Orc:2    | GGY
  9913 | Orc:2    | 4thArraOfDagon: LAGGG
  9914 | Orc:2    | NOPE: 4thArraOfLag
 10606 | Orc:2    | Found Sysma's Food Emporium.
 10643 | Orc:2    | Found Tisir's Weapon Shoppe.
 10645 | Orc:2    | Found Nehyud's Distillery.
 10655 | Orc:2    | Found Atupsox's Jewellery Shoppe.
 10675 | Orc:2    | Bought the ring "Poghom" {rN++ MP+9 Str-3 Dex+2 Slay+4} for 639 gold pieces
 10690 | Orc:2    | Bought 2 potions of heal wounds for 120 gold pieces
 10690 | Orc:2    | Bought a potion of might for 48 gold pieces
 10739 | Elf:1    | Entered Level 1 of the Elven Halls
 10829 | Lair:1   | Entered Level 1 of the Lair of Beasts
 11353 | D:6      | Bought a book of the Dragon for 990 gold pieces
 11361 | D:6      | Learned a level 7 spell: Dragon Form
 11367 | D:6      | Learned a level 4 spell: Passage of Golubria
 11732 | Lair:2   | Got a brightly glowing marble ring
 11767 | Lair:2   | Found a labyrinth entrance.
 11776 | Lab      | Entered a labyrinth
 11778 | Lab      | Identified the ring "Piaczas" {Ice Int+8 Dex-5 SInv} (You found it on level 2 of the Lair of Beasts)
 12218 | Lab      | Noticed a minotaur
 12223 | Lab      | Killed a minotaur
 12223 | Lab      | Reached XP level 14. HP: 129/129 MP: 27/27
 12445 | Lair:3   | Reached skill level 13 in Unarmed Combat
 12515 | Lair:3   | Reached ****** piety under Cheibriados
 13018 | Lair:6   | Noticed Josephine
 13027 | Lair:6   | Killed Josephine
 13114 | Lair:6   | Reached skill level 10 in Fighting
 13210 | Lair:7   | Reached skill level 14 in Unarmed Combat
 13408 | Lair:8   | Entered Level 8 of the Lair of Beasts
 13429 | Lair:8   | Found a frozen archway.
 13450 | IceCv    | Entered an ice cave
 13732 | IceCv    | Noticed a frost giant
 13742 | IceCv    | Killed a frost giant
 13742 | IceCv    | Reached XP level 15. HP: 140/140 MP: 28/28
 13954 | Lair:8   | Reached skill level 15 in Unarmed Combat
 14003 | Lair:8   | jacquesderrida: hi
 14003 | Lair:8   | Reached skill level 10 in Dodging
 14016 | Lair:8   | NOPE: jd
 14040 | Lair:8   | jacquesderrida: -) Tits and claws
 14045 | Lair:8   | jacquesderrida: THat's a queer set of weaponry
 14469 | Lair:6   | Identified a scroll of acquirement
 14470 | Lair:6   | Got a pair of slimy gloves
 14515 | Lair:6   | Identified the +0 pair of gloves of Xom's Generosity {-Tele +Fly rN+ MR++} (You acquired it on level 6 of the Lair of Beasts)
 14539 | Lair:6   | Found a staircase to the Shoals.
 14550 | Shoals:1 | Entered Level 1 of the Shoals
 14744 | Shoals:4 | Entered Level 4 of the Shoals
 14884 | Shoals:4 | Reached skill level 16 in Unarmed Combat
 14985 | Shoals:4 | Noticed a frost giant
 14991 | Shoals:4 | Killed a frost giant
 15155 | Shoals:4 | Reached XP level 16. HP: 123/152 MP: 29/29
 15321 | Shoals:4 | HP: 5/154 [snapping turtle (21)]
 15321 | Shoals:4 | Mangled by a snapping turtle

Vault maps used:
D:1:      arrival_aquarium_a
D:2:      first_bread, uniq_jessica
D:3:      okawaru_altar_gauntlet_db, minmay_goblin_outpost,
          uniq_crazy_yiuf_cottage, uniq_iyjb, uniq_natasha
D:4:      kennysheep_the_goblin_king, serial_shops, nicolae_shop_waterfront
D:5:      gammafunk_temple_overflow_statue, minmay_temple_entry_large_hall,
          serial_undead, serial_undead_c, serial_undead_e, serial_undead_d,
          serial_undead_b, kennysheep_generic_room_15, uniq_pikel
D:6:      serial_shops, nicolae_shop_crystal
D:7:      hangedman_cross_stitches, old_standard_altar,
          nicolae_overflow_hidden_temple, the_bakery,
          nicolae_gozag_cash_rules_everything_around_me, uniq_joseph
D:8:      grunt_temple_overflow_diamond
D:10:     david_lair_generic, zombieorc2_lemuel
D:11:     serial_shops, nicolae_shop_trees, kennysheep_small_circle,
          uniq_nergalle
D:14:     grunt_vaults_entry_fortified, moated_statue, lightli_airlock
D:15:     gammafunk_depths_entry_grave, serial_bayou_lake_a, uniq_louise
Lair:1:   lemuel_ratsnest, minivault_25
Lair:2:   lab_entry_generic
Lair:3:   minmay_lair_oklob_chamber
Lair:4:   serial_bayou_pond_e, serial_bayou_ford_a, beast_lair_carwin_3,
          grunt_megastairs_4, serial_bayou_shore_b
Lair:5:   nicolae_spider_entry_orb_guardian, serial_bayou_pond_e
Lair:6:   minmay_shoals_entry_lonely_mermaid, dpeg_slime_entry_enclosed_altar,
          hangedman_lair_generics_rect, uniq_josephine
Lair:8:   minmay_lair_end_frog_pond, portal_ice_cave_entry_imps
Shoals:1: nicolae_shoals_so_close
Shoals:4: shoals_end_grunt_ice, shoals_ilsuiw_ice, nicolae_shoals_seven_spires
Orc:2:    st_orc_open
Elf:1:    elf_arrival_002, evilmike_minifort, uniq_frances
Lab:      labyrinth_hidden_loot, nicolae_lab_hexagon, lab_fountain,
          nicolae_lab_t_cross
IceCv:    ice_cave_caverns_02

Skill      XL: |  1  2  3  4  5  6  7  8  9 10 11 12 13 14 15 16 |
---------------+-------------------------------------------------+-----
Conjurations   | 2 3 |  3.0
Air Magic      | 1 2 1 |  1.6
Poison Magic   | 1 |  1.5
Unarmed Combat | 2 4 10 11 12 14 16 | 16.6
Fighting       | 6 8 9 10 12 | 12.3
Dodging        | 5 7 8 9 10 11 | 11.1
Summonings     | 3 |  3.9
Spellcasting   | 4 6 8 9 |  9.1
Invocations    | 2 8 10 | 10.1
Transmutations | 5 9 11 | 11.1
Stealth        | |  1.7
Translocations | |  1.0

Action                   |  1- 3 |  4- 6 |  7- 9 | 10-12 | 13-15 | 16-18 || total
-------------------------+-------+-------+-------+-------+-------+-------++-------
Melee: Unarmed           |     8 |       |   298 |   837 |   925 |    28 ||  2096
       Short sword       |    53 |       |       |       |       |       ||    53
       Rapier            |    15 |    38 |       |       |       |       ||    53
       Mace              |       |    79 |       |       |       |       ||    79
       Dagger            |       |    94 |       |       |       |       ||    94
 Fire: Blowgun           |       |     2 |       |     1 |       |       ||     3
 Cast: Magic Dart        |    37 |    17 |       |       |       |       ||    54
       Mephitic Cloud    |     6 |    17 |    24 |    38 |    22 |       ||   107
       Repel Missiles    |     1 |     2 |     1 |     5 |     2 |       ||    11
       Blink             |       |       |     1 |       |       |       ||     1
       Summon Lightning  |       |       |     1 |       |       |       ||     1
       Dragon Form       |       |       |       |       |    47 |     4 ||    51
Invok: Slouch            |       |       |       |     9 |     9 |       ||    18
       Temporal Distorti |       |       |       |       |     2 |       ||     2
 Abil: End Transformatio |       |       |       |       |     8 |     5 ||    13
Evoke: Wand              |       |     1 |     2 |     1 |     3 |       ||     7
       Deck              |       |       |       |       |     3 |       ||     3
  Use: Scroll            |     2 |     6 |     5 |     5 |    14 |       ||    32
       Potion            |       |     1 |     4 |       |     6 |       ||    11
 Stab: Sleeping          |     3 |       |       |     2 |     9 |       ||    14
       Confused          |     2 |     6 |    15 |    20 |    13 |       ||    56
  Eat: Chunk             |     2 |     7 |    23 |    13 |    43 |     2 ||    90
       Beef jerky        |       |     1 |       |     1 |       |       ||     2
       Fruit             |       |       |       |     3 |       |       ||     3
       Royal jelly       |       |       |       |     1 |     1 |       ||     2
